 Dungeon Crawl Stone Soup version 0.22.1-1-ga44c0e5 (webtiles) character file.

136 Fang the Skirmisher (level 5, -6/49 HPs)
             Began as a Gargoyle Berserker on Oct 10, 2018.
             Was a Believer of Trog.
             Killed from afar by Ijyb (8 damage)
             ... with a wand of acid (10)
             ... on level 3 of the Dungeon on Oct 12, 2018.
             The game lasted 00:04:25 (2425 turns).

Fang the Skirmisher (Gargoyle Berserker)            Turns: 2425, Time: 00:04:26

Health: -6/49      AC:  6    Str: 27    XL:     5   Next: 19%
Magic:  5/5        EV:  9    Int:  7    God:    Trog [**....]
Gold:   108        SH:  0    Dex:  9    Spells: 4/4 levels left

rFire    . . .     SeeInvis .   a - +0 hand axe
rCold    . . .     Gourm    .   (no shield)
rNeg     + . .     Faith    .   b - +0 animal skin
rPois    ∞         Spirit   .   (no helmet)
rElec    +         Reflect  .   (no cloak)
rCorr    +         Harm     .   (no gloves)
MR       .....                  (no boots)
Stlth    ..........             (no amulet)
HPRegen  0.16/turn              e - -3 ring of evasion (curse)
MPRegen  0.09/turn              k - ring of resist corrosion

@: berserking (expiring), very quick
A: negative energy resistance 1, electricity resistance, unbreathing,
petrification resistance, rot immunity, AC +4
a: Berserk, Trog's Hand, Renounce Religion


You were on level 3 of the Dungeon.
You worshipped Trog.
Trog was pleased with you.
You were near starving.

You visited 1 branch of the dungeon, and saw 3 of its levels.

You collected 108 gold pieces.

Inventory:

Hand Weapons
 a - a +0 hand axe (weapon)
Armour
 b - a +0 animal skin (worn)
Jewellery
 e - a cursed -3 ring of evasion (left hand)
 k - a ring of resist corrosion (right hand)
Scrolls
 f - 2 scrolls of teleportation {unknown}
 g - 3 scrolls of amnesia {unknown}
 i - 3 scrolls of remove curse {unknown}
 m - a scroll of blinking {unknown}
 n - 4 scrolls of identify {unknown}
 p - a scroll of magic mapping {unknown}
 r - a scroll of immolation {unknown}
Potions
 d - a potion of degeneration {unknown}
 h - 3 potions of haste
 j - a potion of invisibility {unknown}
 l - 2 potions of heal wounds {unknown}
 o - 2 potions of curing {unknown}
 q - 2 potions of might {unknown}
 s - 2 potions of mutation {unknown}
Comestibles
 c - 4 rations


   Skills:
 + Level 4.1 Fighting
 + Level 3.9 Axes
 + Level 2.3 Armour
 + Level 2.2 Dodging
 + Level 1.9 Stealth


You had 4 spell levels left.
You didn't know any spells.
Your spell library was empty.

Dungeon Overview and Level Annotations

Branches:
Dungeon (3/15)

Altars:
Ashenzari

Annotations:
D:3 Ijyb


Innate Abilities, Weirdness & Mutations

You are resistant to torment.
Your stone body is resilient. (AC +4)
You are immune to poison.
You resist negative energy. (rN+)
You are resistant to electric shocks. (rElec)
You can survive without breathing.
You are immune to petrification.
You are immune to rotting.


Message History

Unknown command.
You closely miss the orc. You slash the orc!
You kill the orc!
Trog accepts your kill.
Ijyb the Twisted Goblin comes into view.
She is wielding a dagger of holy A hobgoblin comes into view.
It is wielding a club.
Unknown command.
You barely miss the orc.
Ijyb shouts!
The hobgoblin shouts!
The orc hits you but does no damage.
Unknown command.
You barely miss the orc. The orc hits you with a short sword.
* * * LOW HITPOINT WARNING * * *
Unknown command.
You slash the orc!
You kill the orc!
Trog accepts your kill.
Unknown command.
Ijyb zaps a wand.
The bolt of acid hits you! You resist.
You die...

#. #.#...# ..# #.#..)#
######'##+## #.#..(#
#..........# #.#...#
#..........# #.###.#
#..........# #.# #.#
#.........†# #.# #.#
#....)))...#####.# #.#
#....@.)(.)......# #)#
.......###..##########.#
...g... #))....##.....#
....... .....##.##.#####
...g........(#
........>....#
...........>.#
.............#
.####....#


You could see Ijyb and a hobgoblin.

Vanquished Creatures
  Jessica (D:2)
  A worker ant (D:3)
  A worm (D:2)
  3 dart slugs
  4 leopard geckos
  6 orcs (D:3)
  4 bats
  4 giant cockroaches
  8 goblins
  10 hobgoblins
  4 jackals (D:2)
  3 kobolds
  A quokka (D:2)
  A ball python (D:1)
  4 frilled lizards
  6 rats (D:1)
61 creatures vanquished.

Vanquished Creatures (others)
  A hobgoblin (D:3)
1 creature vanquished.

Grand Total: 62 creatures vanquished

Notes
Turn   | Place    | Note
-------+----------+-------------------------------------------
     0 | D:1      | Fang the Gargoyle Berserker began the quest for the Orb.
     0 | D:1      | Reached XP level 1. HP: 14/14 MP: 1/1
     0 | D:1      | Noticed a felid
     0 | D:1      | Noticed a dwarf
     1 | D:1      | Noticed a naga
     1 | D:1      | Noticed a naga
     3 | D:1      | Noticed a gargoyle
     5 | D:1      | Noticed a centaur
     6 | D:1      | Noticed a spriggan
     8 | D:1      | Noticed a naga
    10 | D:1      | Noticed a draconian
    10 | D:1      | Noticed an elf
    21 | D:1      | Noticed an ogre
    21 | D:1      | Noticed a dwarf
    23 | D:1      | Noticed a troll
    23 | D:1      | Noticed a minotaur
    23 | D:1      | Noticed a gargoyle
    26 | D:1      | Noticed a formicid
    30 | D:1      | Noticed a minotaur
   257 | D:1      | Reached XP level 2. HP: 18/19 MP: 2/2
   502 | D:1      | Reached XP level 3. HP: 24/24 MP: 3/3
   859 | D:2      | Noticed Jessica
   868 | D:2      | Killed Jessica
   868 | D:2      | Reached skill level 1 in Stealth
   868 | D:2      | Reached XP level 4. HP: 17/29 MP: 4/4
  1108 | D:2      | Found a shattered altar of Ashenzari.
  1375 | D:2      | Reached ** piety under Trog
  2005 | D:3      | Reached skill level 4 in Fighting
  2395 | D:3      | Reached XP level 5. HP: 30/33 MP: 5/5
  2421 | D:3      | Noticed Ijyb
  2423 | D:3      | HP: 1/49 [orc/short sword (2)]
  2425 | D:3      | Killed from afar by Ijyb

Skill      XL: |  1  2  3  4 |
---------------+-------------+-----
Axes           | 3 |  3.9
Dodging        | 2 |  2.2
Stealth        | 1 |  1.9
Fighting       | 4 |  4.1
Armour         | |  2.3

Action                   |  1- 3 |  4- 6 || total
-------------------------+-------+-------++-------
Melee: Hand axe          |    63 |    95 ||   158
Invok: Berserk           |     1 |     2 ||     3
 Stab: Sleeping          |     3 |     2 ||     5
  Eat: Chunk             |       |     6 ||     6
Armor: Animal skin       |    29 |    47 ||    76
Dodge: Dodged            |    44 |    50 ||    94
